 Dungeon Crawl Stone Soup version 0.27-a0-1140-g099f9bb0e8 (webtiles) character file.

Game seed: 6048952274478671697

16139 Froggeryz the Basher (level 12, -5/141 (148) HPs)
             Began as a Palentonga Chaos Knight on May 10, 2021.
             Was a Priest of Ru.
             Slain by a black mamba (7 damage)
             ... on level 4 of the Lair of Beasts.
             The game lasted 00:25:35 (18104 turns).

Froggeryz the Basher (Palentonga Chaos Knight)     Turns: 18104, Time: 00:25:36

HP:   -5/141 (148)  AC: 33    Str: 19    XL:     12   Next: 7%
MP:   12/12         EV:  1    Int: 14    God:    Ru [***...]
Gold: 618           SH: 12    Dex:  8    Spells: 11/11 levels left

rFire    x . .     SeeInvis +   i - +5 flail (protect)
rCold    x . .     Faith    .   e - +1 kite shield
rNeg     + + +     Spirit   .   (armour currently unavailable)
rPois    +         Reflect  .   (helmet currently unavailable)
rElec    .         Harm     .   (cloak currently unavailable)
rCorr    .         Rampage  .   (gloves currently unavailable)
Will     +....     NoTele   +   (no barding)
Stlth    ..........             (no amulet)
HPRegen  0.00/turn              c - ring of poison resistance
MPRegen  0.13/turn              F - ring of willpower

@: exhausted, tree-form, marked, under a protective aura, drained
A: stationary, stasis, torment immunity, boosted hp, large, rugged brown scales
3, see invisible, (deformed body), no stealth, temperature sensitive, (roll 2),
(armoured tail), (reflexive curl), (fangs 1), clumsy 1, mutation resistance 2,
screaming 1, inhibited regeneration, wild magic 1, (sturdy frame 1)
a: Renounce Religion, Draw Out Power


You were on level 4 of the Lair of Beasts.
You worshipped Ru.
Ru was most pleased with you.
You were a tree.
You visited 3 branches of the dungeon, and saw 14 of its levels.

You collected 618 gold pieces.

Inventory:

Hand Weapons
 i - a +5 flail of protection (weapon)
 q - a +2 vorpal flail
Missiles
 k - 14 silver javelins
 t - 2 curare-tipped darts
 u - 8 javelins (quivered)
Armour
 b - a +2 leather armour (melded)
 e - a +1 kite shield (worn)
 f - a +2 helmet
 g - a +0 scale mail
 l - a +0 pair of gloves (melded)
 B - a +0 cloak (melded)
Jewellery
 c - a ring of poison resistance (left branch)
 d - a ring of flight
 o - a ring of positive energy
 x - a ring of fire
 D - a ring of wizardry
 F - a ring of willpower (right branch)
Wands
 h - a wand of polymorph (12)
 w - a wand of flame (46)
 A - a wand of iceblast (8)
 C - a wand of paralysis (6)
Scrolls
 a - 5 scrolls of magic mapping
 v - 2 scrolls of immolation
 y - a scroll of silence
 z - a scroll of enchant armour
 E - a scroll of enchant weapon
 G - a scroll of summoning
 H - 2 scrolls of identify
 I - a scroll of fog {unknown}
Potions
 j - 3 potions of brilliance
 m - 3 potions of magic
 p - 2 potions of invisibility
 r - a potion of ambrosia
 s - a potion of lignification


   Skills:
 + Level 8.2 Fighting
 - Level 14.0 Maces & Flails
 + Level 6.0 Armour
 - Level 0.7 Dodging
 - Level 9.1 Shields


You had 11 spell levels left.
You didn't know any spells.
Your spell library contained the following spells:

 Spells                   Type           Power      Damage    Failure   Level
 Animate Skeleton         Necr           0%         N/A       36%         1
 Magic Dart               Conj           0%         1d3       36%         1
 Pain                     Necr           0%         1d4       36%         1
 Sting                    Tmut/Pois      0%         1d3       36%         1
 Blink                    Tloc           N/A        N/A       50%         2
 Call Imp                 Summ           0%         N/A       50%         2
 Poisonous Vapours        Pois/Air       0%         N/A       50%         2
 Slow                     Hex            0%         N/A       50%         2
 Conjure Flame            Conj/Fire      0%         6-21      73%         3
 Ignite Poison            Fire/Tmut/Pois 0%         N/A       73%         3
 Mephitic Cloud           Conj/Pois/Air  0%         N/A       73%         3
 Vampiric Draining        Necr           0%         2d6       73%         3
 Animate Dead             Necr           0%         N/A       98%         4
 Cause Fear               Hex            0%         N/A       98%         4
 Olgreb's Toxic Radiance  Pois           0%         N/A       98%         4
 Agony                    Necr           0%         N/A       100%        5
 Silence                  Hex/Air        0%         N/A       100%        5
 Yara's Violent Unravell  Hex/Tmut       0%         3d3       100%        5
 Discord                  Hex            0%         N/A       100%        8


Dungeon Overview and Level Annotations

Branches:
Dungeon (9/15)             Temple (1/1) D:6            Lair (4/6) D:8
 Shoals (0/4) Lair:2       Spider (0/4) Lair:3
    Orc: D:9-12

Altars:
Ashenzari
Cheibriados
Dithmenos
Elyvilon
Fedhas
Gozag
Hepliaklqana
Kikubaaqudgha
Makhleb
Nemelex Xobeh
Okawaru
Qazlal
Ru
Sif Muna
Trog
Uskayaw
Vehumet
Wu Jian
Xom
Yredelemnul
Zin
The Shining One

Annotations:
Lair:1 2 transporters, Gilette's ghost, journeyman DEEE
Lair:2 3 runed translucent doors, waddelsworth's ghost, journeyman GnCj
Lair:3 2 transporters, Nolirgh's ghost, journeyman DjIE


Innate Abilities, Weirdness & Mutations

You are a tree.
Your roots penetrate the ground, keeping you stationary.
You cannot be teleported.
You are immune to unholy pain and torment.
Your maximum health is greatly increased.
Your equipment is partially melded.
(You are completely covered in rugged brown scales. (AC +3, +7% HP))
You have supernaturally acute eyesight. (SInv)
((Armour fits poorly on your strangely shaped body.))
You cannot be stealthy.
You are sensitive to extremes of temperature. (rF-, rC-)
((You can roll at foes to attack.))
((You have a long armoured tail.))
((You curl defensively after being hit.))
((You have very sharp teeth.))
You are clumsy. (Dex -2)
You are somewhat resistant to both further mutation and mutation removal.
You occasionally shout uncontrollably at your foes.
You do not regenerate when monsters are visible.
Your spells are a little harder to cast, but a little more powerful.
((Your movements are slightly less encumbered by armour. (ER -2)))


Message History

The elephant tramples you.
* * * LOW HITPOINT WARNING * * *
You stumble backwards!
You stop ascending the stairs.
The blink frog blinks!
Unknown command.
Unknown command.
The blink frog blinks!
You redirect the basilisk's attack!
The wyvern bites you but does no damage.
Okay, then.
You feel better. The black mamba completely misses you.
The blink frog blinks!
The wyvern barely misses you.
You feel better. The black mamba barely misses you. The wyvern bites you!
* * * LOW HITPOINT WARNING * * *
You focus your inner power and illuminate the wyvern in retribution!
You block the black mamba's attack. The wyvern bites you!
* * * LOW HITPOINT WARNING * * *
Unknown command.
You feel better.
You block the black mamba's attack. x2; The wyvern bites you!
* * * LOW HITPOINT WARNING * * *
You focus your inner power and blind the wyvern in retribution!
Really quaff the potion of lignification?
You turn into a tree.
Your +0 cloak melds into your body.
Your +0 pair of gloves melds into your body.
Your +2 leather armour melds into your body.
Your roots penetrate the ground.
You block the black mamba's attack. You block the wyvern's attack.
The black mamba bites you.
* * * LOW HITPOINT WARNING * * *
The blink frog blinks!
The wyvern completely misses you.
Unknown command.
You hit the black mamba.
Your weapon exudes an aura of protection.
The black mamba is lightly wounded.
You redirect the blink frog's attack!
You redirect the black mamba's attack!
The black mamba bites the blink frog!
The blink frog looks as sick as possible!
The black mamba poisons the blink frog!
You block the wyvern's attack.
You sock the wyvern!
The wyvern is moderately wounded.
The black mamba bites you!
You die...

.. ... .....
......# #####
.......####.Yl##
........?#..<#♣#
..........YYS##
......#....F##
..#.#.....F#
#........#
#...........#
##........Y.#
#...........#
###........##


You could see 3 elephants, a black mamba (corona), 2 blink frogs and a wyvern
(blind, corona).

Vanquished Creatures
  A hydra (Lair:1)
  An elephant (Lair:3)
  A black mamba (Lair:3)
  6 cane toads
  A rime drake (Lair:1)
  3 komodo dragons
  4 jumping spiders (Lair:3)
  A merfolk (Lair:2)
  Grinder (D:6)
  2 blink frogs (Lair:3)
  5 redbacks (Lair:3)
  A wyvern (Lair:2)
  8 yaks
  3 fire bats (Lair:3)
  6 basilisks
  3 steam dragons
  6 water moccasins
  4 orc warriors
  2 sky beasts
  2 necrophages
  A boggart (D:4)
  4 ogres
  4 wolves (Lair:3)
  3 centaurs (D:8)
  A phantom (D:5)
  4 kobold brigands
  A gnoll sergeant (D:6)
  6 bullfrogs
  2 scorpions
  A wyvern skeleton (D:7)
  8 wights
  7 killer bees
  3 electric eels
  3 howler monkeys
  A bullfrog zombie (D:6)
  6 hounds
  4 jellies
  A centaur skeleton (D:7)
  2 gnoll shamans (D:7)
  6 orc priests
  3 centaur zombies
  Jessica (D:2)
  4 iguanas
  Natasha (thrice) (D:2)
  4 orc wizards
  A killer bee zombie (D:7)
  A hound skeleton (D:5)
  7 gnolls
  10 adders
  2 howler monkey skeletons
  9 river rats (D:5)
  A shadow imp (D:8)
  A white imp (D:5)
  3 ufetubi
  An adder skeleton (D:4)
  2 worms (D:4)
  3 dart slugs
  22 orcs
  3 bats (D:3)
  8 endoplasms
  2 giant cockroaches
  8 goblins
  11 hobgoblins
  8 jackals
  10 quokkas
  3 ball pythons
  6 frilled lizards
  23 kobolds
  21 rats
310 creatures vanquished.

Vanquished Creatures (collateral kills)
  An orc priest (D:2)
  2 orcs (D:2)
3 creatures vanquished.

Vanquished Creatures (others)
  A scorpion (D:2)
  14 fungi
  4 plants
19 creatures vanquished.

Grand Total: 332 creatures vanquished

Notes
Turn   | Place    | Note
-------+----------+-------------------------------------------
     0 | D:1      | Froggeryz the Palentonga Chaos Knight began the quest for
                  | the Orb.
     0 | D:1      | Reached XP level 1. HP: 19/19 MP: 1/1
   127 | D:1      | Reached XP level 2. HP: 24/25 MP: 2/2
   212 | D:1      | XOM: 2-stop teleportation journey
   239 | D:1      | XOM: silly message
   335 | D:1      | XOM: potion effect (haste)
   419 | D:1      | Reached skill level 4 in Maces & Flails
   792 | D:1      | XOM: enchant monster (bad)
   878 | D:2      | Reached XP level 3. HP: 31/31 MP: 3/3
   946 | D:2      | Noticed Natasha
   960 | D:2      | Killed Natasha
   979 | D:2      | Noticed Natasha
   982 | D:2      | XOM: butterfly on damage
   984 | D:2      | Killed Natasha
   985 | D:2      | Reached skill level 1 in Shields
   985 | D:2      | Reached XP level 4. HP: 11/37 MP: 4/4
  1167 | D:2      | XOM: 1-stop teleportation journey
  1199 | D:2      | XOM: summons 3 hostile demons
  1221 | D:2      | XOM: stat loss: -1 Dex (8/9)
  1248 | D:2      | XOM: 1-stop teleportation journey
  1359 | D:2      | XOM: draining
  1458 | D:2      | Noticed Natasha
  1469 | D:2      | XOM: polymorph shadow imp -> white imp
  1470 | D:2      | Killed Natasha
  1471 | D:2      | Reached skill level 5 in Maces & Flails
  1590 | D:2      | Noticed an orc warrior
  2035 | D:3      | XOM: give mutations
  2035 | D:3      | Gained mutation: You occasionally shout uncontrollably at
                  | your foes. [Xom's mischief]
  2035 | D:3      | Gained mutation: You are clumsy. (Dex -2) [Xom's mischief]
  2035 | D:3      | Gained mutation: You are frail. (-10% HP) [Xom's mischief]
  2266 | D:3      | XOM: give mutations
  2266 | D:3      | Lost mutation: You are frail. (-10% HP) [Xom's mischief]
  2266 | D:3      | Gained mutation: You are partially covered in iridescent
                  | scales. (AC +2) [Xom's mischief]
  2390 | D:2      | XOM: summons friendly crimson imp
  2397 | D:2      | XOM: butterfly on damage
  2398 | D:2      | XOM: summons friendly shadow imp
  2404 | D:2      | Noticed a scorpion
  2404 | D:2      | an orc warrior changed into a scorpion
  2405 | D:2      | XOM: fog
  2410 | D:2      | XOM: summons 2 friendly demons
  2410 | D:2      | Killed a scorpion
  2411 | D:2      | Reached XP level 5. HP: 24/43 MP: 5/5
  2523 | D:2      | XOM: 5-stop teleportation journey
  2736 | D:2      | XOM: silly message
  2742 | D:2      | Found a faded altar of an unknown god.
  2783 | D:2      | Noticed Jessica
  2785 | D:2      | Killed Jessica
  3019 | D:2      | XOM: silly message
  3261 | D:3      | Reached skill level 6 in Maces & Flails
  3354 | D:3      | XOM: give mutations
  3354 | D:3      | Lost mutation: You are partially covered in iridescent
                  | scales. (AC +2) [Xom's mischief]
  3354 | D:3      | Gained mutation: You are partially covered in iridescent
                  | scales. (AC +2) [Xom's mischief]
  3354 | D:3      | Gained mutation: You are strong-willed. (Will+) [Xom's
                  | mischief]
  3394 | D:3      | XOM: stat loss: -1 Int (12/13)
  3886 | D:4      | Reached XP level 6. HP: 49/50 MP: 6/6
  3896 | D:4      | Noticed a sky beast
  3897 | D:4      | XOM: scenery: summon butterflies
  3905 | D:4      | Killed a sky beast
  4086 | D:4      | XOM: god gift: dagger {god gift}
  4087 | D:4      | Reached skill level 7 in Maces & Flails
  4087 | D:4      | Gained mutation: You curl defensively after being hit.
                  | [Palentonga growth]
  4087 | D:4      | Reached XP level 7. HP: 47/55 MP: 7/7
  4130 | D:4      | XOM: potion effect (heal wounds)
  4143 | D:4      | XOM: 4-stop teleportation journey
  4300 | D:4      | XOM: 1-stop teleportation journey
  4477 | D:4      | Noticed Edmund
  4478 | D:4      | XOM: swap monsters
  4480 | D:4      | XOM: swap monsters
  4494 | D:4      | Noticed Edmund
  4494 | D:4      | Edmund changed into Edmund the steam dragon
  4494 | D:4      | XOM: polymorph Edmund -> Edmund the steam dragon
  4503 | D:4      | XOM: 2-stop teleportation journey
  4508 | D:4      | XOM: give mutations
  4508 | D:4      | Gained mutation: Your system is resistant to poisons.
                  | (rPois) [Xom's mischief]
  4508 | D:4      | Lost mutation: You are strong-willed. (Will+) [Xom's
                  | mischief]
  4514 | D:4      | Killed Edmund the steam dragon
  4601 | D:4      | XOM: torment (19/55 hp)
  5194 | D:5      | Entered Level 5 of the Dungeon
  5216 | D:5      | Reached skill level 8 in Maces & Flails
  5496 | D:5      | XOM: confusion
  5538 | D:5      | Reached XP level 8. HP: 40/62 MP: 8/8
  5968 | D:5      | XOM: give mutations
  5968 | D:5      | Gained mutation: You are frail. (-10% HP) [Xom's mischief]
  5968 | D:5      | Gained mutation: You sometimes lose the ability to read
                  | scrolls when taking damage. [Xom's mischief]
  6043 | D:5      | XOM: confusion
  6044 | D:5      | XOM: enchant monster (good)
  6062 | D:5      | XOM: potion effect (experience)
  6062 | D:5      | Reached skill level 12 in Maces & Flails
  6062 | D:5      | Reached XP level 9. HP: 21/61 MP: 9/9
  6078 | D:5      | XOM: scenery: create altars
  6083 | D:5      | XOM: fog
  6454 | D:5      | XOM: cloud trail
  6704 | D:6      | Reached skill level 13 in Maces & Flails
  6773 | D:6      | XOM: give mutations
  6773 | D:6      | Gained mutation: You are somewhat resistant to further
                  | mutation. [Xom's grace]
  6773 | D:6      | Gained mutation: You have a beak for a mouth. [Xom's grace]
  6773 | D:6      | Gained mutation: You can roll at foes to attack. [Xom's
                  | grace]
  6995 | D:6      | Found a staircase to the Ecumenical Temple.
  7037 | D:6      | Noticed Grinder
  7038 | D:6      | XOM: scenery: summon butterflies
  7039 | D:6      | Paralysed by Grinder for 7 turns
  7040 | D:6      | XOM: cast spell 'Summon Small Mammal'
  7048 | D:6      | XOM: potion effect (invisibility)
  7108 | D:5      | XOM: give mutations
  7108 | D:5      | Gained mutation: Your movements are slightly less
                  | encumbered by armour. (ER -2) [Xom's grace]
  7108 | D:5      | Gained mutation: You have a pair of small horns on your
                  | head. [Xom's grace]
  7291 | D:6      | Killed Grinder
  7409 | D:6      | XOM: polymorph orc wizard -> killer bee
  7435 | D:6      | XOM: give mutations
  7435 | D:6      | Gained mutation: Your spells are a little harder to cast,
                  | but a little more powerful. [Xom's grace]
  7435 | D:6      | Lost mutation: You have a beak for a mouth. [Xom's grace]
  7435 | D:6      | Gained mutation: You have very sharp teeth. [Xom's grace]
  7435 | D:6      | Gained mutation: You are somewhat resistant to both further
                  | mutation and mutation removal. [Xom's grace]
  7702 | D:6      | Reached XP level 10. HP: 56/67 MP: 10/10
  7999 | D:6      | XOM: god gift: 7 silver javelins
  8151 | D:7      | Found a snail-covered altar of Cheibriados.
  8151 | D:7      | Found an ancient bone altar of Kikubaaqudgha.
  8156 | D:7      | Found a sacrificial altar of Ru.
  8156 | D:7      | Found a shimmering altar of Xom.
  8386 | D:7      | XOM: summons friendly ufetubus
  8624 | D:7      | XOM: divination: detect creatures
  9017 | D:7      | XOM: enchant monster (good)
  9057 | D:7      | XOM: confuse monster(s)
  9704 | Temple   | Entered the Ecumenical Temple
  9980 | D:7      | Fell from the grace of Xom
  9980 | D:7      | Became a worshipper of Ru the Awakened
 10021 | D:8      | XOM: summons 14 hostile demons
 10022 | D:8      | Noticed a smoke demon
 10142 | D:8      | Reached skill level 14 in Maces & Flails
 10207 | D:7      | XOM: give mutation
 10207 | D:7      | Lost mutation: You are frail. (-10% HP) [Xom's mischief]
 10304 | D:7      | XOM: torment (34/74 hp)
 10816 | D:8      | Found an iron altar of Okawaru.
 10826 | D:8      | XOM: confusion
 10884 | D:8      | Found a stormy altar of Qazlal.
 11354 | D:8      | Found a staircase to the Lair.
 11569 | Lair:1   | Entered Level 1 of the Lair of Beasts
 11636 | Lair:1   | Found a transporter.
 11645 | Lair:1   | Noticed Gilette's ghost (journeyman DEEE)
 11646 | Lair:1   | Noticed a black mamba
 11647 | Lair:1   | Noticed a moth of wrath
 11649 | Lair:1   | Noticed a moth of wrath
 11949 | Lair:1   | Noticed an eight-headed hydra
 11966 | Lair:1   | Killed an eight-headed hydra
 12162 | Lair:1   | Gained mutation: You cannot be stealthy. [Ru sacrifice]
 12177 | Lair:1   | Noticed a cane toad
 12196 | Lair:2   | Killed a cane toad
 12290 | Lair:1   | Reached XP level 11. HP: 74/82 MP: 11/11
 12512 | Lair:1   | Found a transporter.
 12557 | Lair:1   | XOM: draining
 12942 | Lair:1   | XOM: give mutations
 12942 | Lair:1   | Lost mutation: You sometimes lose the ability to read
                  | scrolls when taking damage. [Xom's mischief]
 12942 | Lair:1   | Gained mutation: You do not regenerate when monsters are
                  | visible. [Xom's mischief]
 12942 | Lair:1   | Lost mutation: Your system is resistant to poisons. (rPois)
                  | [Xom's mischief]
 13074 | Lair:1   | Lost mutation: You have a pair of small horns on your head.
                  | [potion of mutation]
 13095 | Lair:1   | Reached skill level 5 in Fighting
 13150 | Lair:1   | XOM: god gift: 2 javelins
 13300 | Lair:2   | Found a runed translucent gate.
 13300 | Lair:2   | Found a runed translucent gate.
 13300 | Lair:2   | Found a runed translucent gate.
 13500 | Lair:2   | Noticed waddelsworth's ghost (journeyman GnCj)
 13637 | Lair:2   | XOM: torment (35/86 hp)
 13656 | Lair:2   | XOM: god gift: 6 gold pieces
 14478 | Lair:2   | Found a staircase to the Shoals.
 14681 | Lair:2   | XOM: give mutation
 14681 | Lair:2   | Lost mutation: You are partially covered in iridescent
                  | scales. (AC +2) [Xom's mischief]
 15319 | Lair:2   | XOM: draining
 16090 | Lair:3   | Gained mutation: You are sensitive to extremes of
                  | temperature. (rF-, rC-) [Ru sacrifice]
 16090 | Lair:3   | Reached * piety under Ru
 16090 | Lair:3   | Reached ** piety under Ru
 16090 | Lair:3   | Reached *** piety under Ru
 16110 | Lair:3   | Found a hole to the Spider Nest.
 16229 | Lair:3   | Noticed Nolirgh's ghost (journeyman DjIE)
 16279 | Lair:3   | Found a transporter.
 16288 | Lair:3   | Found a transporter.
 16329 | Lair:3   | Reached skill level 5 in Armour
 16347 | Lair:3   | XOM: noise
 17271 | Lair:3   | Reached XP level 12. HP: 46/98 MP: 12/12
 17580 | Lair:3   | HP: 2/98 [blink frog (4)]
 18101 | Lair:4   | HP: 4/94 [wyvern (16)]
 18104 | Lair:4   | Slain by a black mamba

Illustrated notes

Levels and vault maps discovered:
D:1:      saegor_arrival_simple_b, layout_loops_ring
D:2:      layout_basic, shapermc_ecumenical_altar_gd, minmay_misc_feat_doors,
          uniq_jessica, uniq_natasha
D:3:      layout_basic
D:4:      layout_loops_cross, minmay_misc_feat_x, uniq_edmund
D:5:      lemuel_ratsnest, layout_basic
D:6:      layout_cave_pods, minmay_temple_entry_poolview, uniq_grinder
D:7:      minmay_clustersquares, layout_gridville, grunt_temple_overflow_open,
          roderic_roman_lattice, minivault_10
D:8:      layout_cave_pools, nicolae_overflow_hidden_temple, lair_entry_dummy
D:9:      layout_cave_pods, serial_shops, nicolae_shop_crystal,
          grunt_decor_one_mirror, uniq_erica
Temple:   eino_temple_rhombus
Lair:1:   layout_gridlike, gammafunk_ghost_berserking_beasts
Lair:2:   layout_cave_pods, elwin_shoals_entry_rooms, serial_rivers,
          chequers_serial_rivers_micro_b, chequers_serial_rivers_large_b,
          chequers_serial_rivers_micro_b, chequers_serial_rivers_micro_c,
          gammafunk_ghost_icy
Lair:3:   layout_loops_ring, nicolae_spider_entry_tight_spaces,
          nicolae_volcano_entry_batcave, gammafunk_ghost_arena,
          kennysheep_basilisk_garden
Lair:4:   layout_cave_pods, uniq_nergalle

Skill      XL: |  1  2  3  4  5  6  7  8  9 10 11 12 |
---------------+-------------------------------------+-----
Maces & Flails | 4 5 6 7 8 12 13 14 | 14.0
Shields        | 1 2 3 4 7 9 |  9.1
Fighting       | 4 8 |  8.2
Armour         | 5 6 |  6.0
Dodging        | |  0.7

Action                   |  1- 3 |  4- 6 |  7- 9 | 10-12 || total
-------------------------+-------+-------+-------+-------++-------
Melee: Mace              |    92 |   175 |     5 |       ||   272
       Tailslap          |     5 |    10 |    29 |    59 ||   103
       Flail             |       |       |   345 |   664 ||  1009
       Peck              |       |       |    10 |       ||    10
       Headbutt          |       |       |     7 |    38 ||    45
       Bite              |       |       |     2 |    50 ||    52
Throw: Javelin           |       |       |       |     1 ||     1
Invok: Sacrifice Stealth |       |       |       |     1 ||     1
       Sacrifice Resista |       |       |       |     1 ||     1
       Draw Out Power    |       |       |       |     1 ||     1
 Abil: Rolling Charge    |       |       |     3 |     8 ||    11
Evoke: Wand              |       |       |       |     1 ||     1
  Use: Potion            |       |     1 |     1 |    14 ||    16
       Scroll            |       |       |    10 |     7 ||    17
 Stab: Paralysed         |     1 |     1 |       |       ||     2
       Petrified         |       |     1 |       |       ||     1
       Petrifying        |       |       |       |     2 ||     2
       Invisible         |       |       |       |     2 ||     2
Armor: Leather armour    |    33 |    72 |   177 |   229 ||   511
       Skin              |       |       |       |    29 ||    29
Dodge: Dodged            |    30 |    36 |    99 |   163 ||   328
Block: Kite shield       |    18 |    73 |   135 |   360 ||   586

Table legend: (Time is in decaauts)
 A = Elapsed time spent in this place.
 B = Non-inter-level travel time spent in this place.
 C = Inter-level travel time spent in this place.
 D = Time resting spent in this place.
 E = Time spent auto-exploring this place.
 F = Levels seen in this place.
 G = Mean time per level.
                   A        B        C        D        E       F      G
               +--------+--------+--------+--------+--------+-----+--------+
         Total |  18105 |  17406 |    699 |   4447 |  10405 |  14 | 1293.2 |
       Dungeon |  11357 |  10897 |    460 |   2167 |   6892 |   9 | 1261.9 |
        Temple |    231 |    212 |     19 |     26 |    178 |   1 |  231.0 |
          Lair |   6516 |   6296 |    220 |   2254 |   3334 |   4 | 1629.0 |
               +--------+--------+--------+--------+--------+-----+--------+

Top non-repeatable levels by time:
  Lair:2: 2513 daAuts
  Lair:3: 2410 daAuts
     D:7: 2096 daAuts
     D:5: 1747 daAuts
     D:2: 1567 daAuts
  Lair:1: 1528 daAuts
     D:4: 1444 daAuts
     D:3: 1403 daAuts
     D:6: 1249 daAuts
     D:8: 969 daAuts
     D:1: 864 daAuts
  Temple: 231 daAuts
  Lair:4: 63 daAuts
     D:9: 15 daAuts
